 Dungeon Crawl Stone Soup version 0.27.1-4-g1640c2035a (webtiles) character file.

Game seed: 13442710510403281514

21088 zeram the Spry (level 12, -2/53 HPs)
             Began as a Spriggan Brigand on Nov 12, 2021.
             Was an Initiate of Gozag.
             Slain by an orc warlord (44 damage)
             ... on level 2 of the Orcish Mines.
             The game lasted 01:34:20 (28323 turns).

zeram the Spry (Spriggan Brigand)                  Turns: 28323, Time: 01:34:21

Health: -2/53      AC: 15    Str:  9    XL:     12   Next: 51%
Magic:  31/31      EV: 29    Int: 16    God:    Gozag
Gold:   2785       SH:  0    Dex: 18    Spells: 28/39 levels left

rFire    . . .     SeeInvis +   e - +2 dagger (protect)
rCold    . . .     Faith    .   (shield restricted)
rNeg     + . .     Spirit   .   d - +2 robe {rN+}
rPois    .         Reflect  .   (helmet restricted)
rElec    .         Harm     .   c - +2 cloak
rCorr    .         Rampage  .   (gloves unavailable)
Will     ++...                  (boots unavailable)
Stlth    +++++.....             H - amulet of regeneration
HPRegen  1.17/turn              u - +4 ring of protection
MPRegen  0.22/turn              C - +4 ring of protection

@: gold aura, very quick
A: very small, no large weapons, unfitting armour, see invisible, speed 3,
strong 1
a: Renounce Religion, Potion Petition, Call Merchant, Bribe Branch


You were on level 2 of the Orcish Mines.
You worshipped Gozag.
Gozag was most pleased with you.
You visited 3 branches of the dungeon, and saw 15 of its levels.
You also visited: Volcano.

You collected 3015 gold pieces.
You spent 150 gold pieces at shops.
You paid 80 gold pieces to Gozag.

Inventory:

Hand Weapons
 e - a +2 dagger of protection (weapon)
 g - a +1 dagger of venom
Missiles
 w - 50 poisoned darts (quivered)
 B - 2 throwing nets
Armour
 b - a +0 robe
 c - a +2 cloak (worn)
 d - a +2 robe of positive energy (worn)
 y - +1 acid dragon scales
Jewellery
 a - an amulet of reflection
 n - an amulet of magic regeneration
 u - a +4 ring of protection (left hand)
 x - a +6 ring of strength
 z - a ring of fire
 C - a +4 ring of protection (right hand)
 G - a ring of poison resistance
 H - an amulet of regeneration (around neck)
Wands
 q - a wand of paralysis (4)
 r - a wand of acid (30)
 t - a wand of iceblast (13)
 D - a wand of flame (50)
 E - a wand of polymorph (11)
Scrolls
 f - a scroll of fear
 i - 2 scrolls of silence
 k - a scroll of blinking
 o - 2 scrolls of fog
 p - 3 scrolls of amnesia
 s - a scroll of identify
Potions
 h - 2 potions of curing
 j - a potion of haste
 l - a potion of ambrosia
 v - a potion of flight


   Skills:
 - Level 1.5 Fighting
 - Level 8.1 Short Blades
 - Level 2.0 Throwing
 + Level 15.2 Dodging
 - Level 12.1 Stealth
 * Level 14.4 Spellcasting
 - Level 0.6 Transmutations
 - Level 4.3 Air Magic
 - Level 2.1 Poison Magic
 - Level 0.1 Evocations


You had 28 spell levels left.
You knew the following spells:

 Your Spells              Type           Power      Damage    Failure   Level
a - Sting                 Tmut/Pois      64%        1d6       3%          1
b - Poisonous Vapours     Pois/Air       42%        N/A       2%          2
c - Vampiric Draining     Necr           5%         2d6       17%         3
d - Mephitic Cloud        Conj/Pois/Air  18%        N/A       7%          3
e - Magic Dart            Conj           44%        1d5       6%          1
f - Foxfire               Conj/Fire      44%        2x1d6     6%          1

Your spell library contained the following spells:

 Spells                   Type           Power      Damage    Failure   Level
 Summon Small Mammal      Summ           44%        N/A       6%          1
 Call Imp                 Summ           11%        N/A       9%          2
 Slow                     Hex            11%        N/A       9%          2
 Sublimation of Blood     Necr           5%         N/A       9%          2
 Call Canine Familiar     Summ           11%        N/A       17%         3
 Confusing Touch          Hex            11%        N/A       17%         3
 Conjure Flame            Conj/Fire      11%        6-21      17%         3
 Inner Flame              Hex/Fire       11%        N/A       17%         3
 Summon Guardian Golem    Hex/Summ       11%        N/A       17%         3
 Olgreb's Toxic Radiance  Pois           18%        N/A       24%         4
 Ice Form                 Ice/Tmut       12%        N/A       45%         4
 Petrify                  Tmut/Erth      12%        N/A       45%         4
 Animate Armour           Summ/Erth      22%        N/A       50%         4
 Hailstorm                Conj/Ice       11%        3d5       50%         4
 Lightning Bolt           Conj/Air       9%         1d21      54%         5
 Blade Hands              Tmut           6%         N/A       77%         5
 Irradiate                Conj/Tmut      6%         3d15      80%         5
 Summon Forest            Summ/Tloc      5%         N/A       85%         5
 Summon Mana Viper        Hex/Summ       11%        N/A       85%         5
 Conjure Ball Lightning   Conj/Air       9%         3x3d6     98%         6
 Iron Shot                Conj/Erth      5%         9d2       100%        6
 Shadow Creatures         Summ           N/A        N/A       100%        6
 Simulacrum               Ice/Necr       5%         N/A       100%        6


Dungeon Overview and Level Annotations

Branches:
Dungeon (12/15)            Temple (1/1) D:4            Lair (0/6) D:11
    Orc (2/2) D:11        Volcano (visited)
    Elf: Orc:2

Altars:
Ashenzari
Cheibriados
Dithmenos
Elyvilon
Fedhas
Gozag
Hepliaklqana
Kikubaaqudgha
Makhleb
Nemelex Xobeh
Okawaru
Qazlal
Ru
Sif Muna
Trog
Uskayaw
Vehumet
Wu Jian
Xom
Yredelemnul
Zin
The Shining One

Shops:
D:5 (   D:6 (   Orc:1 *=:==

Annotations:
D:4 3 runed translucent doors, zeram's ghost, amateur OgWn
D:10 1 runed translucent door, exclusion: oklob plant, NotreDorf's ghost, journeyman MfGl
D:12 2 transporters, Butisoar's ghost, journeyman GrFi


Innate Abilities, Weirdness & Mutations

You are very small and have problems with some larger weapons.
You are too small for most types of armour.
You have supernaturally acute eyesight. (SInv)
You cover ground extremely quickly. (Speed+++)
Your muscles are strong. (Str +2)


Message History

There is a stone staircase leading up, spattered with blood here.
Things that are here:
a +0 dagger; 5 gold pieces You hear a shout!
The orc completely misses you.
The orc high priest mumbles some strange prayers to Beogh.
You climb upwards.
There is a stone staircase leading down, spattered with blood here.
Things that are here:
a +0 chain mail; a +0 war axe; a +0 giant club You hit the orc.
Your weapon exudes an aura of protection.
The orc is heavily wounded.
The orc completely misses you.
You barely miss the orc.
The orc is heavily wounded.
The orc misses you.
You hit the orc.
You kill the orc!
You now have 2785 gold pieces (gained 7).
Items here: ))) [.
You start resting.
HP restored.
Items here: ))) [.
There is a stone staircase leading down, spattered with blood here.
Things that are here:
a +0 chain mail; a +0 war axe; a +0 giant club You climb downwards.
The orc priest invokes the aid of Beogh against you.
You resist with almost no effort. The orc warlord closely misses you.
The orc completely misses you.
The orc high priest calls down the wrath of Beogh upon you.
Beogh smites you!
The orc knight roars a battlecry!
The orcs go into a battle-frenzy!
The orc priest completely misses you.
The orc warlord hits you with a +0 battleaxe!!!
Ouch! That really hurt!
You die...
Your body crumbles into a pile of gold. ....o.o .. .oo..oo

.. .....oo .. ....o.o # .
.o ....... .#... ..
##.....############....$.
..
.........o.oo@o.o........
#.
.....o.o.#oo#ooo..)....#.
..
.............##o#.....##
..
....$....#.o..o......#.#
..
..#.............#........
..
..........4.......#......
..
.........................
.. $
........o......##.#......
.. .......o....#...# ..


You could see an orc warlord (strong), an orc knight, an orc high priest, an
orange demon (summoned), an orc sorcerer, 3 orc warriors, 4 orc priests, an orc
wizard (strong) and 2 orcs.

Vanquished Creatures
  An orc warlord (Orc:1)
  2 boulder beetles
  2 two-headed ogres
  2 orc high priests (Orc:1)
  A deep elf knight (Orc:1)
  Pikel (D:5)
  An orc sorcerer (Orc:1)
  A deep elf pyromancer (Orc:1)
  3 orc knights (Orc:1)
  Joseph (D:7)
  Maggie (D:7)
  An unseen horror (D:10)
  A komodo dragon (D:11)
  6 trolls
  A hornet (D:6)
  A shadow (D:9)
  14 yaks
  2 wraiths (D:10)
  A steam dragon (D:8)
  4 wargs
  2 water moccasins
  2 acid dragons
  Duvessa (D:3)
  22 orc warriors
  2 ice beasts
  A sky beast (D:6)
  7 ogres
  10 centaurs
  A bullfrog (D:6)
  A scorpion (D:6)
  A water moccasin zombie (D:6)
  2 wyvern skeletons
  Dowan (D:4)
  4 killer bees (D:10)
  5 howler monkeys
  2 hounds (D:5)
  Crazy Yiuf (D:7)
  7 centaur zombies
  2 gnoll shamans
  A jelly (D:5)
  11 orc priests
  Ijyb (D:4)
  2 iguanas (D:5)
  18 orc wizards
  2 killer bee zombies (D:8)
  A howler monkey zombie (D:11)
  Robin (D:4)
  A howler monkey skeleton (D:6)
  11 gnolls
  9 adders
  2 shadow imps (D:8)
  A white imp (D:5)
  5 worms
  3 dart slugs
  66 orcs
  6 ball pythons
  6 bats
  9 endoplasms
  2 giant cockroaches (D:1)
  13 goblins
  8 hobgoblins
  2 jackals (D:1)
  8 kobolds
  4 quokkas
  21 rats
335 creatures vanquished.

Vanquished Creatures (others)
  An orc sorcerer (Orc:1)
  An orc wizard (D:9)
  An orc (Orc:1)
  10 foxfires (Orc:1)
  2 plants (D:11)
15 creatures vanquished.

Grand Total: 350 creatures vanquished

Notes
Turn   | Place    | Note
-------+----------+-------------------------------------------
     0 | D:1      | zeram the Spriggan Brigand began the quest for the Orb.
     0 | D:1      | Reached XP level 1. HP: 10/10 MP: 2/2
   308 | D:1      | Reached XP level 2. HP: 7/14 MP: 3/3
   972 | D:1      | Reached XP level 3. HP: 18/18 MP: 4/4
  1230 | D:2      | Reached skill level 2 in Dodging
  1377 | D:2      | Found a hide-covered altar of Uskayaw.
  1955 | D:3      | Reached XP level 4. HP: 22/22 MP: 5/5
  3501 | D:3      | Reached XP level 5. HP: 17/25 MP: 6/6
  3969 | D:3      | You fall into a shaft and drop 3 floors!
  3974 | D:5      | Entered Level 5 of the Dungeon
  4027 | D:5      | Noticed a lemure
  4027 | D:5      | Noticed a lemure
  4029 | D:5      | Noticed a lemure
  4029 | D:5      | Noticed a lemure
  4030 | D:5      | Noticed Pikel
  4069 | D:4      | Identified the +0 ring mail of Inviolability {Will+}
  4165 | D:3      | Reached skill level 3 in Dodging
  4586 | D:3      | Found a faded altar of an unknown god.
  4621 | D:4      | Noticed Duvessa
  4621 | D:4      | Noticed Dowan
  4651 | D:4      | Noticed an ogre
  4900 | D:4      | Noticed Robin
  4900 | D:4      | Noticed Ijyb
  5383 | D:4      | Killed Ijyb
  5391 | D:4      | Killed Robin
  5403 | D:4      | Found a runed translucent gate.
  5403 | D:4      | Found a runed translucent gate.
  5403 | D:4      | Found a runed translucent gate.
  5404 | D:4      | Noticed zeram's ghost (amateur OgWn)
  5428 | D:4      | Killed an ogre
  5429 | D:4      | Reached skill level 4 in Dodging
  5429 | D:4      | Reached XP level 6. HP: 30/30 MP: 7/7
  6591 | D:4      | Killed Dowan
  6693 | D:4      | Found a staircase to the Ecumenical Temple.
  6712 | Temple   | Entered the Ecumenical Temple
  6804 | Temple   | Became a worshipper of Gozag Ym Sagoz the Greedy
  7278 | D:3      | Killed Duvessa
  7279 | D:3      | Reached skill level 10 in Stealth
  7279 | D:3      | Reached XP level 7. HP: 30/33 MP: 8/8
  7318 | D:4      | Reached skill level 5 in Short Blades
  7667 | D:5      | Reached skill level 5 in Dodging
  7670 | D:5      | Found Rewkir's Weapon Emporium.
  7718 | D:5      | Killed Pikel
  7719 | D:5      | Reached skill level 6 in Dodging
  7719 | D:5      | Reached XP level 8. HP: 27/37 MP: 9/9
  8459 | D:5      | Found a hide-covered altar of Uskayaw.
  8820 | D:6      | Found Tiekea Vutz's Weapon Emporium.
  8861 | D:6      | Found a shimmering blue altar of Sif Muna.
  9517 | D:6      | Reached skill level 7 in Dodging
  9756 | D:7      | Noticed a hornet
 10903 | D:6      | HP: 1/37 [orc warrior (15)]
 10911 | D:6      | Found an ornate altar of the Wu Jian Council.
 11986 | D:6      | Reached skill level 8 in Dodging
 12859 | D:7      | Reached XP level 9. HP: 33/41 MP: 10/10
 13191 | D:7      | Reached skill level 9 in Dodging
 13455 | D:7      | Found a runed translucent door.
 13456 | D:7      | Noticed Crazy Yiuf
 13545 | D:7      | Reached skill level 1 in Spellcasting
 13553 | D:7      | Noticed Maggie
 13578 | D:7      | Killed Maggie
 13977 | D:7      | Reached skill level 10 in Dodging
 13996 | D:7      | Noticed Joseph
 13999 | D:7      | Killed Joseph
 14147 | D:7      | Killed Crazy Yiuf
 14498 | D:8      | Reached skill level 11 in Dodging
 14620 | D:8      | Found a shadowy altar of Dithmenos.
 14923 | D:8      | Reached skill level 5 in Spellcasting
 14960 | D:8      | Reached XP level 10. HP: 18/46 MP: 17/19
 15148 | D:8      | Learned a level 1 spell: Sting
 16565 | D:9      | Reached skill level 12 in Dodging
 17279 | D:9      | Learned a level 2 spell: Poisonous Vapours
 17459 | D:9      | Reached skill level 13 in Dodging
 17687 | D:9      | Reached skill level 1 in Poison Magic
 18077 | D:9      | Reached skill level 1 in Air Magic
 18543 | D:10     | Entered Level 10 of the Dungeon
 18608 | D:10     | Got the Tome of Attacks
 18636 | D:10     | Learned a level 3 spell: Vampiric Draining
 19177 | D:10     | Found a radiant altar of Vehumet.
 19178 | D:10     | Found a white marble altar of Elyvilon.
 19652 | D:10     | Found a blossoming altar of Fedhas.
 19674 | D:10     | Noticed an oklob plant
 19738 | D:10     | Found a runed translucent door.
 19739 | D:10     | Noticed NotreDorf's ghost (journeyman MfGl)
 19969 | D:11     | Noticed a two-headed ogre
 19993 | D:10     | HP: 1/46 [two-headed ogre (23)]
 19994 | D:10     | Killed a two-headed ogre
 19995 | D:10     | Reached XP level 11. HP: 1/49 MP: 16/24
 20398 | D:11     | You fall into a shaft and drop 1 floor!
 20423 | D:12     | Noticed a boulder beetle
 20427 | D:12     | Killed a boulder beetle
 20442 | D:12     | Found a transporter.
 20442 | D:12     | Noticed a centaur warrior
 20540 | D:11     | Noticed a boulder beetle
 20590 | D:11     | Killed a boulder beetle
 20615 | D:11     | Reached skill level 10 in Spellcasting
 20803 | D:11     | Found a staircase to the Orcish Mines.
 20805 | D:11     | Found a staircase to the Lair.
 22151 | D:10     | Reached skill level 14 in Dodging
 22571 | D:11     | Noticed a two-headed ogre
 22574 | D:11     | Killed a two-headed ogre
 23081 | Orc:1    | Entered Level 1 of the Orcish Mines
 23081 | Orc:1    | Found Wotofa's Jewellery Emporium.
 23101 | Orc:1    | Found a burning altar of Makhleb.
 23128 | Orc:1    | Found Duckar's Book Boutique.
 23371 | Orc:1    | Found Goerphu's Assorted Antiques.
 23374 | Orc:1    | Bought a large cabochon amulet for 150 gold pieces
 23405 | Orc:1    | Found Hunudgh's Jewellery Boutique.
 23414 | Orc:1    | Identified the +4 scimitar of the Endless March {vorpal,
                  | Int+2}
 23421 | Orc:1    | Noticed a deep elf pyromancer
 23421 | Orc:1    | Noticed a deep elf knight
 23793 | Orc:1    | Found a dark tunnel.
 23801 | Volcano  | Entered a volcano
 23915 | Orc:1    | Noticed an orc knight
 23956 | Orc:1    | Learned a level 3 spell: Mephitic Cloud
 23997 | Orc:1    | Killed an orc knight
 24183 | Orc:1    | Found Curuunoo's Jewellery Shoppe.
 24301 | Orc:1    | Noticed an orc sorcerer
 24341 | Orc:1    | Killed an orc sorcerer
 24433 | Orc:1    | Noticed an orc knight
 24473 | Orc:1    | Killed an orc knight
 24591 | Orc:1    | Identified the +9 chain mail of Moral Flaws {rPois Str+2
                  | Dex+2}
 24713 | Orc:1    | Killed a deep elf knight
 24714 | Orc:1    | Reached XP level 12. HP: 23/53 MP: 16/29
 24989 | Orc:1    | Noticed an orc warlord
 25017 | Orc:1    | Gained mutation: Your muscles are strong. (Str +2) [a
                  | neqoxec]
 25285 | Orc:1    | Noticed an orc high priest
 25630 | Orc:2    | Entered Level 2 of the Orcish Mines
 25941 | Orc:1    | Killed an orc warlord
 26146 | Orc:1    | Killed an orc high priest
 26147 | Orc:1    | Reached skill level 15 in Dodging
 26491 | D:12     | Noticed Butisoar's ghost (journeyman GrFi)
 26515 | D:12     | Found a transporter.
 26969 | Orc:2    | Noticed an orc warlord
 27072 | Orc:2    | Noticed an orc high priest
 27281 | Orc:1    | Killed an orc high priest
 27558 | Orc:2    | Noticed an orc high priest
 28211 | Orc:1    | Learned a level 1 spell: Magic Dart
 28213 | Orc:1    | Learned a level 1 spell: Foxfire
 28323 | Orc:2    | Slain by an orc warlord

Illustrated notes

Levels and vault maps discovered:
D:1:      amcnicky_arrival_flooded_fountain, layout_basic
D:2:      layout_rooms, basic_altar, minmay_misc_feat_nine_boxes,
          minmay_fractal_squares_5
D:3:      layout_rooms, chequers_ecumenical_altar_grove,
          roderic_serpentine_path, minmay_between
D:4:      layout_cave_pools, minmay_temple_entry_grid,
          gammafunk_ghost_necromancy, minmay_rat_hole, uniq_robin, uniq_duvessa,
          uniq_ijyb
D:5:      layout_cave_pools, eat_drink_and_be_merry_uskayaw, serial_shops, shop,
          uniq_pikel
D:6:      layout_rooms, mainiacjoe_overflow_cross_hatched,
          mainiacjoe_overflow_concentric_impassable,
          cheibrodos_sewer_entry_bend, serial_shops, nicolae_stop_n_shop_2,
          chequers_serial_rivers_small_b, serial_park_tiny_pond,
          hangedman_decor_slide_cut
D:7:      layout_rooms, uniq_joseph, uniq_crazy_yiuf_cottage, uniq_maggie
D:8:      layout_layer_cave, overflow_temple_1_default
D:9:      layout_basic
D:10:     layout_stronghold, tgw_fedhas, jmf_multi_god_temple,
          gammafunk_ghost_grave
D:11:     layout_rooms, erik_lair_orcish_takeover, orc_0_dummy
D:12:     layout_rooms, nicolae_trove_entry_diagonal, gammafunk_ghost_stat_death
Temple:   regret_index_temple_waves
Orc:1:    layout_caves, basic_altar, enter_volcano_2, serial_shops,
          nicolae_diamond_shop, nicolae_shop_behind_doors,
          nicolae_shop_waterfront, shop, shop, elf_legates
Orc:2:    st_orc_congregation, layout_caves, serial_shops,
          nicolae_shop_behind_doors, basic_altar

Skill      XL: |  1  2  3  4  5  6  7  8  9 10 11 12 |
---------------+-------------------------------------+-----
Stealth        | 6 7 8 9 10 11 12 | 12.1
Dodging        | 2 4 6 8 11 13 14 15 | 15.2
Short Blades   | 3 4 6 7 8 |  8.1
Spellcasting   | 5 8 12 14 | 14.4
Poison Magic   | 2 |  2.1
Air Magic      | 2 4 |  4.3
Fighting       | |  1.5
Throwing       | |  2.0
Transmutations | |  0.6
Evocations     | |  0.1

Action                   |  1- 3 |  4- 6 |  7- 9 | 10-12 || total
-------------------------+-------+-------+-------+-------++-------
Melee: Dagger            |   185 |   279 |   662 |  1847 ||  2973
Throw: Dart              |     7 |    39 |    39 |     7 ||    92
       Throwing net      |       |       |       |     4 ||     4
 Cast: Poisonous Vapours |       |       |       |   331 ||   331
       Sting             |       |       |       |    17 ||    17
       Vampiric Draining |       |       |       |    13 ||    13
       Mephitic Cloud    |       |       |       |     6 ||     6
       Foxfire           |       |       |       |     6 ||     6
       Magic Dart        |       |       |       |     3 ||     3
Evoke: Wand              |       |       |     4 |     1 ||     5
  Use: Scroll            |     8 |     5 |     7 |    12 ||    32
       Potion            |       |     3 |     3 |     5 ||    11
 Stab: Sleeping          |    18 |     3 |    12 |    10 ||    43
       Invisible         |       |     8 |     3 |    11 ||    22
       Distracted        |       |     1 |     4 |     9 ||    14
       Paralysed         |       |       |     3 |       ||     3
       Held in net/web   |       |       |       |     1 ||     1
       Confused          |       |       |       |     2 ||     2
Armor: Robe              |    20 |    26 |    77 |   241 ||   364
Dodge: Dodged            |   136 |   190 |   488 |  1754 ||  2568
